 Dungeon Crawl Stone Soup version 0.26.0-90-g5fd8617961 (webtiles) character file.

Game seed: 11062026263839668719

302892 Marvel the Scorcher (level 20, -4/155 (161) HPs)
             Began as a Demonspawn Fire Elementalist on Jan 30, 2021.
             Was the Champion of Vehumet.
             Slain by a freezing wraith (13 damage)
             ... summoned by an ancient lich
             ... on level 4 of the Vaults on Feb 2, 2021.
             The game lasted 05:00:05 (68281 turns).

Marvel the Scorcher (Demonspawn Fire Elementalist) Turns: 68281, Time: 05:00:06

HP:   -4/155 (161)  AC: 30    Str: 16    XL:     20   Next: 56%
MP:   35/39         EV: 16    Int: 27    God:    Vehumet [******]
Gold: 3991          SH:  7    Dex:  8    Spells: 10/50 levels left

rFire    + + .     SeeInvis .   O - staff of fire
rCold    + . .     Faith    .   P - +3 buckler
rNeg     . . .     Spirit   .   N - +2 robe {Will+}
rPois    +         Reflect  .   p - +2 hat
rElec    +         Harm     .   I - +2 cloak {Will+}
rCorr    .         Rampage  .   A - +2 pair of gloves {Str+3}
Will     +++..                  a - +1 pair of boots
Stlth    +++.......             s - amulet of Vitality {Regen+ HP+15}
HPRegen  0.75/turn              d - ring "Ymei" {rF+ rC+ Str+4 Int+2 Dex-4}
MPRegen  0.26/turn              l - ring "Livotik" {rElec rPois AC+4 Dex-2}

@: lethally poisoned (-4 -> -10), sanguine armour, lightly drained
A: antennae 2, demonic guardian 2, powered by death 2, robust 1, sanguine armour
3
}: 1/15 runes: decaying
a: Renounce Religion


You were on level 4 of the Vaults.
You worshipped Vehumet.
Vehumet was exalted by your worship.
You visited 7 branches of the dungeon, and saw 37 of its levels.
You also visited: Ice Cave and Desolation.

You collected 5527 gold pieces.
You spent 1536 gold pieces at shops.

Inventory:

Hand Weapons
 h - the +5 falchion "Demonspawn's Doom" {vorpal, rN+++ Will+ Int-2 Stlth+}
   (You found it on level 6 of the Lair of Beasts)

   It inflicts extra damage upon your enemies.
   It affects your intelligence (-2).
   It renders you almost immune to negative energy.
   It affects your willpower, your defense against some magical effects.
   It makes you more stealthy.
Missiles
 b - 104 poisoned darts (quivered)
 Z - 12 silver boomerangs
Armour
 a - a +1 pair of boots (worn)
 p - a +2 hat (worn)
 A - a +2 pair of gloves of strength (worn)
 I - a +2 cloak of willpower (worn)
 N - a +2 robe of willpower (worn)
 P - a +3 buckler (worn)
Magical Staves
 O - an uncursed staff of fire (weapon)
Jewellery
 d - the ring "Ymei" (left hand) {rF+ rC+ Str+4 Int+2 Dex-4}
   (You bought it in a shop on level 2 of the Orcish Mines)

   [ring of protection from cold]

   It affects your strength (+4).
   It affects your intelligence (+2).
   It affects your dexterity (-4).
   It protects you from fire.
   It protects you from cold.
 l - the ring "Livotik" (right hand) {rElec rPois AC+4 Dex-2}
   (You bought it in a shop on level 2 of the Orcish Mines)

   [ring of protection]

   It affects your AC (+4).
   It affects your dexterity (-2).
   It insulates you from electricity.
   It protects you from poison.
 s - the amulet of Vitality (around neck) {Regen+ HP+15}
   (You found it on level 4 of the Dungeon)

   [amulet of regeneration]

   It affects your health (+15).
   It increases your rate of regeneration.
 y - the ring of Shadows {Umbra +Inv Stlth+}
   (You took it off an ironbrand convoker on level 2 of the Vaults)

   [ring of stealth]

   It lets you turn invisible.
   It makes you more stealthy.
 M - a cursed amulet of inaccuracy {unknown}
Wands
 f - a wand of flame (61)
 n - a wand of paralysis (21)
 q - a wand of iceblast (22)
 t - a wand of disintegration (41)
 u - a wand of digging (5)
 E - a wand of acid (34)
 J - a wand of polymorph (40)
 T - a wand of enslavement (4)
Scrolls
 e - 3 scrolls of magic mapping
 i - 7 scrolls of identify
 w - a scroll of amnesia
 x - 24 scrolls of remove curse
 D - 4 scrolls of enchant armour
 G - a scroll of brand weapon
 H - 3 scrolls of silence
 Q - 3 scrolls of summoning
 S - 3 scrolls of blinking
 V - 2 scrolls of fear
 X - 2 scrolls of fog
Potions
 c - 3 potions of brilliance
 g - 9 potions of curing
 j - 5 potions of cancellation
 o - 4 potions of mutation
 r - 7 potions of heal wounds
 v - 9 potions of flight
 z - 2 potions of haste
 B - a potion of berserk rage
 C - 3 potions of invisibility
 F - 6 potions of lignification
 K - 2 potions of ambrosia
 L - 6 potions of might
 U - a potion of resistance
Miscellaneous
 k - a lightning rod (4/4)
 R - a condenser vane
 W - a phantom mirror


   Skills:
 - Level 5.0 Fighting
 - Level 3.0 Staves
 + Level 10.2 Dodging
 - Level 6.0 Stealth
 - Level 5.0 Shields
 - Level 0.3 Unarmed Combat
 + Level 15.5 Spellcasting
 + Level 16.1 Conjurations
 + Level 5.8 Summonings
 + Level 3.0 Translocations
 + Level 20.7 Fire Magic
 - Level 6.1 Ice Magic
 - Level 1.0 Air Magic
 + Level 4.2 Earth Magic
 - Level 3.0 Evocations


You had 10 spell levels left.
You knew the following spells:

 Your Spells              Type           Power        Failure   Level
a - Fireball              Conj/Fire      55%          1%          5
b - Sticky Flame          Conj/Fire      100%         0%          4
c - Fire Storm            Conj/Fire      55%          32%         9
d - Call Imp              Summ           51%          1%          2
e - Shock                 Conj/Air       100%         1%          1
f - Mephitic Cloud        Conj/Pois/Air  51%          1%          3
g - Bolt of Magma         Conj/Fire/Erth 48%          1%          5
h - Dazzling Flash        Conj/Hex       100%         1%          3
i - Starburst             Conj/Fire      55%          1%          6
j - Blink                 Tloc           N/A          1%          2

Your spell library contained the following spells:

 Spells                   Type           Power        Failure   Level
 Absolute Zero            Ice            26%          100%        9
 Tornado                  Air            13%          100%        9
 Foxfire                  Conj/Fire      100%         0%          1
 Magic Dart               Conj           100%         0%          1
 Searing Ray              Conj           100%         0%          2
 Conjure Flame            Conj/Fire      100%         0%          3
 Apportation              Tloc           74%          1%          1
 Freeze                   Ice            100%         1%          1
 Sandblast                Erth           88%          1%          1
 Summon Small Mammal      Summ           100%         1%          1
 Passwall                 Tmut/Erth      26%          1%          2
 Call Canine Familiar     Summ           51%          1%          3
 Frozen Ramparts          Ice            100%         1%          3
 Ignite Poison            Fire/Tmut/Pois 72%          1%          3
 Inner Flame              Hex/Fire       86%          1%          3
 Static Discharge         Conj/Air       61%          1%          3
 Stone Arrow              Conj/Erth      100%         1%          3
 Fulminant Prism          Conj/Hex       29%          1%          4
 Iskenderun's Mystic Bla  Conj/Tloc      64%          1%          4
 Summon Ice Beast         Ice/Summ       52%          1%          4
 Irradiate                Conj/Tmut      29%          1%          5
 Iskenderun's Battlesphe  Conj           83%          1%          5
 Lightning Bolt           Conj/Air       30%          1%          5
 Iron Shot                Conj/Erth      33%          1%          6
 Orb of Destruction       Conj           41%          1%          7
 Ignition                 Fire           57%          1%          8
 Animate Skeleton         Necr           40%          2%          1
 Beastly Appendage        Tmut           40%          2%          1
 Corona                   Hex            22%          2%          1
 Pain                     Necr           80%          2%          1
 Swiftness                Air            26%          2%          2
 Summon Guardian Golem    Hex/Summ       36%          2%          3
 Slow                     Hex            20%          3%          2
 Wereblood                Tmut           20%          3%          2
 Lee's Rapid Deconstruct  Erth           22%          3%          5
 Airstrike                Air            13%          4%          4
 Summon Lightning Spire   Summ/Air       39%          6%          4
 Summon Demon             Summ           25%          6%          5
 Spellforged Servitor     Conj/Summ      34%          6%          7
 Ice Form                 Ice/Tmut       37%          7%          4
 Spider Form              Tmut/Pois      10%          8%          3
 Tukima's Dance           Hex            20%          8%          3
 Vampiric Draining        Necr           10%          8%          3
 Leda's Liquefaction      Hex/Erth       16%          10%         4
 Petrify                  Tmut/Erth      32%          10%         4
 Summon Forest            Summ/Tloc      22%          11%         5
 Yara's Violent Unravell  Hex/Tmut       10%          17%         5
 Summon Mana Viper        Hex/Summ       36%          21%         5
 Animate Dead             Necr           10%          24%         4
 Cause Fear               Hex            10%          24%         4
 Borgnjor's Vile Clutch   Necr/Erth      16%          28%         5
 Shadow Creatures         Summ           N/A          34%         6
 Silence                  Hex/Air        11%          50%         5
 Agony                    Necr           20%          56%         5
 Blade Hands              Tmut           10%          56%         5
 Simulacrum               Ice/Necr       18%          71%         6
 Statue Form              Tmut/Erth      21%          83%         6
 Summon Hydra             Summ           25%          88%         7
 Death Channel            Necr           10%          98%         6
 Discord                  Hex            10%          100%        8
 Shatter                  Erth           22%          100%        9


Dungeon Overview and Level Annotations

Branches:
Dungeon (15/15)            Temple (0/1) D:5            Lair (6/6) D:9
  Swamp (4/4) Lair:4       Spider (4/4) Lair:3        Slime (0/5) Lair:6
    Orc (2/2) D:12            Elf (1/3) Orc:2        Vaults (5/5) D:14
  Crypt (0/3) Vaults:2     Depths (0/5) D:15          IceCv (visited)
Desolation (visited)

Altars:
Dithmenos
Elyvilon
Fedhas
Hepliaklqana
Kikubaaqudgha
Nemelex Xobeh
Okawaru
Trog
Uskayaw
Vehumet
Wu Jian
Xom
Yredelemnul
Zin
The Shining One
Beogh
Jiyva

Shops:
D:4 *   D:7 (   D:10 [:   D:12 [(   Orc:2 [((=   Vaults:2 (   Vaults:3 (
Vaults:4 =(

Annotations:
D:2 1 runed translucent door, Crazy Yiuf
D:6 1 runed translucent door, Greed's ghost, novice MfGl
D:12 2 transporters, Jerry's ghost, journeyman TrGl
Lair:4 1 runed translucent door, Tunlugh's ghost, adept GrEE
Orc:2 1 runed translucent door, raetorn's ghost, adept VSBe
Vaults:1 Asterion; Frederick
Vaults:5 Saint Roka


Innate Abilities, Weirdness & Mutations

You have a pair of antennae on your head.
A demonic guardian rushes to your aid.
You regenerate health from kills.
You are robust. (+10% HP)
When seriously injured, your bleeding wounds create very thick armour. (AC +12)


Message History

You block the wraith's attack. The freezing wraith closely misses you.
You block the freezing wraith's attack. The wraith completely misses you.
You hit the ancient lich but do no damage.
You burn the ancient lich.
The ancient lich is moderately damaged.
You feel sick.
The ancient lich burns! x2
The ancient lich points at you and mumbles some strange words.
The poison arrow hits you!!
You are more poisoned.
You partially resist.
* * * LOW HITPOINT WARNING * * *
The wraith barely misses you. The wraith hits you.
* * * LOW HITPOINT WARNING * * *
Your iron imp hits the ancient lich but does no damage.
The freezing wraith hits you!
* * * LOW HITPOINT WARNING * * *
The freezing wraith freezes you. You resist.
* * * LOW HITPOINT WARNING * * *
The freezing wraith hits you!
You die...

#'####...........................
.....#...........................
.....#..................#########
.....#..................#......[#
....(#......##########..#.......#
..<..#[.....#........#..#......##
.....#......#........#..#.....##.
.....#......#..WWW3..#..#....'#..
.....#......#..W@L5..#..#...##..#
######......#..WW)...#..#..##...#
(....(......#........)..####....#
..)..((.....##########..#........
....(..(................#...[)...
#######(................##'##....
......#................('..^##...
......#..........(..)..[#....##..
......#.?.[.............#.....#..


You could see an ancient lich (fast, burning), a freezing wraith (summoned), 5
wraiths, a friendly smoke demon (summoned) and a friendly iron imp (summoned).

Vanquished Creatures
  Nikola (Swamp:4)
  A tentacled monstrosity (Vaults:4)
  An Ice Fiend (IceCv)
  An ancient champion (Vaults:1)
  A sphinx (Vaults:4)
  4 thorn hunters (Swamp:4)
  Kirke (Swamp:2)
  An azure jelly (shapeshifter) (Vaults:3)
  A fire giant (Vaults:4)
  2 frost giants
  Louise (Spider:1)
  2 orc warlords
  2 emperor scorpions (Spider:1)
  6 vault wardens
  7 ironheart preservers
  A very ugly thing (Vaults:3)
  A war gargoyle (Vaults:4)
  10 stone giants
  5 entropy weavers
  2 spark wasps (Spider:4)
  4 bunyips
  Snorg (Orc:1)
  5 eleionomae
  An ettin (Vaults:4)
  10 yaktaur captains
  3 great orbs of eyes
  2 shambling mangroves
  A fire dragon (Vaults:1)
  8 boulder beetles
  A rakshasa (Vaults:1)
  28 vault guards
  2 ice dragons
  26 hydras
  A ghost crab (Swamp:4)
  4 ogre magi
  14 two-headed ogres
  4 catoblepae
  9 alligators
  6 centaur warriors
  2 death knights (Vaults:4)
  A dancing weapon (Vaults:4)
  7 death yaks
  3 deep troll earth magi
  3 orc high priests
  18 slime creatures
  8 skeletal warriors
  2 deep elf knights
  A shadow wraith (Vaults:4)
  2 flayed ghosts (Vaults:4)
  2 goliath frogs (Swamp:1)
  2 unseen horrors
  3 spriggan druids
  11 swamp dragons
  A glowing orange brain (shapeshifter) (Vaults:1)
  8 deep elf archers
  12 deep trolls
  15 ironbrand convokers
  A spectral wolf spider (Spider:4)
  6 lindwurms
  20 orc knights
  7 bog bodies
  4 wizards
  2 will-o-the-wisps
  7 orc sorcerers
  A mana viper (shapeshifter) (Vaults:1)
  10 orb spiders
  15 ugly things
  9 deep elf magi
  37 wolf spiders
  5 manticores
  2 oklob plants (Spider:1)
  5 elephants
  A centaur zombie (D:14)
  A naga mage (D:15)
  7 cyclopes
  3 moths of wrath
  2 black mambas
  16 vault sentinels
  A water nymph (shapeshifter) (Vaults:1)
  An ice statue (IceCv)
  2 torpor snails
  A gargoyle (D:15)
  Maggie (Lair:2)
  4 rime drakes
  7 cane toads
  2 efreet
  5 freezing wraiths
  2 golden dragon simulacra (IceCv)
  7 komodo dragons
  26 yaktaurs
  3 anaconda simulacra (IceCv)
  10 demonic crawlers
  2 redback zombies (Spider:4)
  7 ice devils (IceCv)
  2 polar bears (Lair:6)
  A bloated husk (Swamp:1)
  29 jumping spiders
  A queen bee (Spider:1)
  3 meliai (Spider:1)
  16 hornets
  7 trolls
  A merfolk (shapeshifter) (Vaults:5)
  10 tyrant leeches
  4 saltlings (Desolation)
  A wolf spider simulacrum (IceCv)
  A tarantella zombie (Spider:4)
  8 blink frogs
  A fire giant simulacrum (Vaults:3)
  13 spriggans
  A shadow (D:11)
  2 wraiths
  89 redbacks
  36 tarantellas
  40 yaks
  A dire elephant simulacrum (IceCv)
  4 basilisks
  3 wyverns
  2 humans (shapeshifter)
  8 vampire mosquitoes
  5 harpy simulacra (IceCv)
  3 iron troll simulacra (IceCv)
  4 wargs (Orc:2)
  10 swamp worms
  A soldier ant (D:14)
  2 acid dragons (D:11)
  9 water moccasins
  A spectral hornet (Spider:4)
  2 black bears
  53 orc warriors
  An ettin simulacrum (IceCv)
  A hornet zombie (Spider:4)
  5 swamp drakes (Swamp:4)
  3 sky beasts
  An eye of draining (shapeshifter) (D:15)
  18 ogres
  2 necrophages (D:5)
  4 phantoms
  4 ice beasts
  An eye of draining (D:10)
  7 wolves
  8 centaurs
  2 big kobolds
  14 bullfrogs
  A wyvern skeleton (D:15)
  21 killer bees
  8 scorpions
  An orc simulacrum (Vaults:1)
  6 wights
  7 electric eels
  4 howler monkeys
  2 bullfrog zombies
  A quasit (D:7)
  2 draconian simulacra (IceCv)
  8 hounds
  A human simulacrum (Vaults:3)
  3 jellies
  39 orc wizards
  A bullfrog skeleton (D:4)
  44 orc priests
  2 centaur skeletons
  8 worker ants
  5 hell rats (Lair:5)
  A polar bear simulacrum (IceCv)
  3 troll simulacra (IceCv)
  A spriggan simulacrum (IceCv)
  2 wolf simulacra (IceCv)
  A centaur simulacrum (IceCv)
  A hound zombie (D:5)
  2 hound skeletons (D:6)
  A worker ant zombie (D:4)
  11 adders
  3 naga simulacra (IceCv)
  2 ogre simulacra (IceCv)
  8 white imps
  3 ufetubi
  2 oozes
  An adder zombie (D:1)
  A worm (D:4)
  2 dart slugs
  3 leopard geckos
  120 orcs
  7 giant cockroaches
  7 goblins
  6 hobgoblins
  8 jackals
  2 quokkas
  8 bats
  5 frilled lizards
  A giant cockroach zombie (D:1)
  A jackal zombie (D:8)
  12 kobolds
  10 rats
  A bush (Lair:5)
  8 butterflies (Vaults:3)
1377 creatures vanquished.

Vanquished Creatures (collateral kills)
  A sphinx (Vaults:3)
  Agnes (Vaults:1)
  Frances (Lair:3)
  A ghost moth (Spider:4)
  A fire giant (Vaults:2)
  A vault warden (Vaults:2)
  A deep elf sorcerer (Vaults:3)
  A bunyip (Swamp:2)
  A dire elephant (D:15)
  A fire dragon (Vaults:3)
  A great orb of eyes (D:15)
  Harold (D:10)
  4 hydras
  A rakshasa (D:15)
  A vault guard (D:14)
  A boulder beetle (D:12)
  A peacekeeper (Desolation)
  A death knight (D:13)
  An ogre mage (D:15)
  5 two-headed ogres
  An alligator (Swamp:1)
  A death yak (Lair:4)
  An orc high priest (Orc:2)
  A goliath frog (Swamp:2)
  A wizard (D:14)
  A bog body (Swamp:2)
  A lindwurm (Lair:2)
  A deep elf archer (Vaults:3)
  3 orc knights
  A cyclops (D:14)
  2 deep elf magi
  10 ugly things
  A centaur zombie (D:15)
  2 wolf spiders
  A manticore (D:15)
  A cane toad (Lair:2)
  2 centaur skeletons
  A komodo dragon (Lair:2)
  A demonic crawler (Spider:1)
  A tengu conjurer (D:11)
  3 trolls
  A hornet (D:12)
  5 slime creatures
  A water elemental (D:12)
  A redback (Spider:1)
  2 tarantellas (Spider:1)
  15 yaks
  3 wraiths
  2 humans (D:14)
  3 vampire mosquitoes (D:15)
  A water moccasin (D:9)
  2 sky beasts
  8 orc warriors
  A black bear (D:11)
  A necrophage (D:9)
  4 ogres
  2 wolves (D:9)
  3 centaurs
  3 bullfrogs
  A scorpion (D:9)
  A killer bee (Spider:1)
  A wight (D:14)
  2 electric eels (D:12)
  A howler monkey (D:7)
  3 orc priests
  2 hounds
  An iguana (D:11)
  5 orc wizards
  2 hell rats (Lair:5)
  A worker ant (D:8)
  A howler monkey zombie (D:10)
  A worker ant zombie (D:7)
  An adder skeleton (D:4)
  16 orcs
  A quokka (D:6)
  A ball python (D:8)
  4 butterflies (Vaults:3)
167 creatures vanquished.

Vanquished Creatures (others)
  A ghost moth (Spider:4)
  3 humans (Swamp:2)
  2 white imps (IceCv)
  An orc (D:10)
  527 foxfires
  62 fungi
  84 plants
680 creatures vanquished.

Grand Total: 2224 creatures vanquished

Notes
Turn   | Place    | Note
-------+----------+-------------------------------------------
     0 | D:1      | Marvel the Demonspawn Fire Elementalist began the quest for
                  | the Orb.
     0 | D:1      | Reached XP level 1. HP: 13/13 MP: 3/3
   117 | D:1      | Reached skill level 3 in Fire Magic
   186 | D:1      | Gained mutation: You have a pair of small antennae on your
                  | head. [demonic ancestry]
   186 | D:1      | Reached XP level 2. HP: 19/19 MP: 1/5
  1309 | D:2      | Found a runed translucent door.
  1310 | D:2      | Noticed Crazy Yiuf
  1364 | D:2      | Found a faded altar of an unknown god.
  1521 | D:2      | Found a blossoming altar of Fedhas.
  1521 | D:2      | Found a radiant altar of Vehumet.
  1521 | D:2      | Found a glowing silver altar of Zin.
  1545 | D:2      | Found an ornate altar of the Wu Jian Council.
  1549 | D:2      | Became a worshipper of Vehumet
  1962 | D:3      | Reached XP level 3. HP: 25/25 MP: 4/6
  2194 | D:4      | Found Siok's Assorted Antiques.
  2302 | D:4      | Noticed a scorpion
  2342 | D:4      | HP: 1/25 [scorpion (1)]
  2343 | D:4      | Killed a scorpion
  2344 | D:4      | Reached skill level 4 in Fire Magic
  2344 | D:4      | Gained mutation: When seriously injured, your bleeding
                  | wounds create armour. (AC +12) [demonic ancestry]
  2344 | D:4      | Reached XP level 4. HP: 1/31 MP: 0/7
  2644 | D:4      | Learned a level 4 spell: Sticky Flame
  2923 | D:4      | Found the amulet of Vitality {Regen+ HP+15}
  2933 | D:4      | Noticed an ogre
  2938 | D:4      | Noticed an ogre
  2953 | D:3      | Gained mutation: A weak demonic guardian rushes to your
                  | aid. [demonic ancestry]
  2953 | D:3      | Reached XP level 5. HP: 36/36 MP: 6/8
  3035 | D:3      | Reached skill level 1 in Fighting
  3482 | D:3      | Reached * piety under Vehumet
  3482 | D:3      | Offered knowledge of Freeze by Vehumet.
  3483 | D:3      | Gained mutation: You regenerate a little health from kills.
                  | [demonic ancestry]
  3483 | D:3      | Reached XP level 6. HP: 24/43 MP: 1/9
  3515 | D:3      | Learned a level 1 spell: Freeze
  3676 | D:3      | Learned a level 2 spell: Call Imp
  4149 | D:4      | Reached skill level 5 in Fire Magic
  4454 | D:4      | Reached skill level 5 in Conjurations
  4454 | D:4      | Reached skill level 1 in Ice Magic
  4454 | D:4      | Reached XP level 7. HP: 38/48 MP: 1/10
  4831 | D:4      | Found a sparkling altar of Nemelex Xobeh.
  4833 | D:4      | Found a shadowy altar of Dithmenos.
  4839 | D:4      | Found a hazy altar of Hepliaklqana.
  4842 | D:4      | Found a white marble altar of Elyvilon.
  4861 | D:4      | Found an ancient bone altar of Kikubaaqudgha.
  5084 | D:4      | Found a glowing golden altar of the Shining One.
  5105 | D:5      | Entered Level 5 of the Dungeon
  5309 | D:5      | Found a staircase to the Ecumenical Temple.
  5448 | D:5      | Offered knowledge of Shock by Vehumet.
  5451 | D:5      | Learned a level 1 spell: Shock
  5483 | D:5      | Reached ** piety under Vehumet
  5592 | D:5      | Gained mutation: When seriously injured, your bleeding
                  | wounds create thick armour. (AC +12) [demonic ancestry]
  5592 | D:5      | Reached XP level 8. HP: 54/54 MP: 8/11
  5600 | D:5      | Reached skill level 5 in Ice Magic
  6402 | D:6      | Found a runed translucent door.
  6419 | D:6      | Reached skill level 1 in Summonings
  6630 | D:6      | Found a bloodstained altar of Trog.
  6644 | D:6      | Noticed Greed's ghost (novice MfGl)
  6713 | D:6      | Found a bloodstained altar of Trog.
  6727 | D:6      | Offered knowledge of Stone Arrow by Vehumet.
  7048 | D:7      | Found Fohootoa's Antique Weapon Boutique.
  7093 | D:7      | Reached *** piety under Vehumet
  7102 | D:7      | Reached skill level 5 in Summonings
  7217 | D:7      | Noticed a red ugly thing
  7422 | D:7      | Noticed a six-headed hydra
  7513 | D:7      | Identified a scroll of acquirement
  7513 | D:7      | Acquired an uncursed staff of conjuration
  7593 | D:7      | Killed a six-headed hydra
  7594 | D:7      | Reached XP level 9. HP: 27/59 MP: 8/15
  7763 | D:6      | Learned a level 3 spell: Mephitic Cloud
  8087 | D:7      | Killed a red ugly thing
  8088 | D:7      | Reached skill level 5 in Spellcasting
  8350 | D:8      | Offered knowledge of Frozen Ramparts by Vehumet.
  8355 | D:8      | Learned a level 3 spell: Frozen Ramparts
  8662 | D:8      | Found a hide-covered altar of Uskayaw.
  9017 | D:9      | Found an iron altar of Okawaru.
  9017 | D:9      | Noticed a two-headed ogre
  9024 | D:9      | Noticed a troll
  9033 | D:9      | Found a staircase to the Lair.
  9036 | D:9      | Noticed a troll
  9175 | D:9      | Reached **** piety under Vehumet
  9367 | D:9      | Offered knowledge of Dazzling Flash by Vehumet.
  9375 | D:9      | Learned a level 3 spell: Dazzling Flash
  9414 | D:9      | Killed a two-headed ogre
  9415 | D:9      | Gained mutation: A demonic guardian rushes to your aid.
                  | [demonic ancestry]
  9415 | D:9      | Reached XP level 10. HP: 65/65 MP: 7/20
  9602 | D:9      | Identified the +8 war axe "Ujaxkeph" {drain, Int-5 Dex+7}
  9610 | D:9      | Reached skill level 6 in Fire Magic
  9992 | D:10     | Entered Level 10 of the Dungeon
 10031 | D:10     | Noticed an unseen horror
 10048 | D:10     | Killed an unseen horror
 10202 | D:10     | Noticed Harold
 10331 | D:10     | Killed Harold
 10332 | D:10     | Reached skill level 7 in Fire Magic
 10430 | D:10     | Reached ***** piety under Vehumet
 10430 | D:10     | Offered knowledge of Starburst by Vehumet.
 10438 | D:10     | Learned a level 6 spell: Starburst
 10558 | D:10     | Found Ceomof's Book Shoppe.
 11192 | D:10     | Found Qishuble's Armour Shop.
 11242 | D:10     | Bought a +0 cloak of willpower for 138 gold pieces
 11280 | D:10     | Noticed a two-headed ogre
 11288 | D:10     | Killed a two-headed ogre
 11289 | D:10     | Reached skill level 8 in Fire Magic
 11289 | D:10     | Reached XP level 11. HP: 26/70 MP: 20/23
 12851 | D:11     | Reached skill level 9 in Fire Magic
 13518 | D:11     | Learned a level 2 spell: Blink
 13548 | D:11     | Reached skill level 1 in Air Magic
 14027 | D:12     | Found a transporter.
 14027 | D:12     | Noticed a seven-headed hydra
 14076 | D:12     | Noticed an orc knight
 14241 | D:12     | Noticed a boulder beetle
 14256 | D:12     | Killed a boulder beetle
 14258 | D:12     | Killed a seven-headed hydra
 14258 | D:12     | Offered knowledge of Olgreb's Toxic Radiance by Vehumet.
 14259 | D:12     | Reached skill level 10 in Conjurations
 14326 | D:12     | Killed an orc knight
 14472 | D:12     | Found Leanaptu's Weapon Shoppe.
 14475 | D:12     | Found a staircase to the Orcish Mines.
 14477 | D:12     | Found Hejohut's Armour Shoppe.
 14791 | D:12     | Found a transporter.
 14791 | D:12     | Noticed Jerry's ghost (journeyman TrGl)
 14791 | D:12     | Noticed a catoblepas
 14805 | D:12     | Noticed a harpy
 15118 | D:12     | Noticed an orc knight
 15131 | D:12     | Killed an orc knight
 15505 | D:12     | Noticed a two-headed ogre
 15522 | D:12     | Killed a two-headed ogre
 15523 | D:12     | Reached skill level 10 in Fire Magic
 16137 | D:13     | Noticed a five-headed hydra
 16141 | D:13     | Killed a five-headed hydra
 16304 | D:13     | Gained mutation: When seriously injured, your bleeding
                  | wounds create very thick armour. (AC +12) [demonic
                  | ancestry]
 16304 | D:13     | Reached XP level 12. HP: 75/76 MP: 15/24
 16554 | D:13     | Noticed a death knight
 16886 | D:13     | Killed a death knight
 17074 | D:13     | You fall into a shaft and drop 2 floors!
 17074 | D:15     | Entered Level 15 of the Dungeon
 17090 | D:15     | Found a staircase to the Depths.
 17090 | D:15     | Noticed a dire elephant
 17117 | D:15     | Killed a dire elephant
 17249 | D:15     | Noticed a centaur warrior
 17262 | D:15     | Killed a centaur warrior
 17515 | D:15     | Reached skill level 11 in Fire Magic
 18017 | D:14     | Noticed a vault guard
 18105 | D:14     | Noticed a centaur warrior
 18116 | D:14     | Killed a centaur warrior
 19269 | D:14     | Noticed a vault guard
 19311 | D:14     | Reached skill level 12 in Fire Magic
 19615 | D:14     | Noticed a vault guard
 19636 | D:14     | Killed a vault guard
 19650 | D:14     | Reached XP level 13. HP: 53/85 MP: 7/25
 19905 | D:14     | Found a gate to the Vaults.
 20774 | D:15     | Reached skill level 1 in Staves
 21502 | D:15     | Reached skill level 13 in Fire Magic
 21686 | D:15     | Offered knowledge of Freezing Cloud by Vehumet.
 22094 | D:15     | Learned a level 5 spell: Fireball
 22467 | Lair:1   | Entered Level 1 of the Lair of Beasts
 23406 | Lair:2   | Noticed Maggie
 23547 | Lair:2   | Reached XP level 14. HP: 90/94 MP: 17/26
 24214 | Lair:2   | Killed Maggie
 24834 | Lair:2   | Got a twisted spear
 24841 | Lair:2   | Got a crude morningstar
 24851 | Lair:3   | You fall into a shaft and drop 3 floors!
 24851 | Lair:6   | Entered Level 6 of the Lair of Beasts
 25199 | Lair:6   | Acquired 658 gold pieces
 25204 | Lair:6   | Reached skill level 5 in Dodging
 25648 | Lair:6   | Reached skill level 14 in Fire Magic
 26318 | Lair:5   | Acquired 576 gold pieces
 28169 | Lair:6   | Found a staircase to the Slime Pits.
 28170 | Lair:6   | Found a viscous altar of Jiyva.
 28188 | Lair:6   | Identified the +6 spear "Didati" {freeze, rPois Will-
                  | Int+2} (You found it on level 2 of the Lair of Beasts)
 28333 | Lair:6   | Got a brightly glowing falchion
 28334 | Lair:6   | Identified the +5 falchion "Demonspawn's Doom" {vorpal,
                  | rN+++ Will+ Int-2 Stlth+} (You found it on level 6 of the
                  | Lair of Beasts)
 29586 | Lair:4   | Reached skill level 15 in Fire Magic
 29762 | Lair:4   | Found a staircase to the Swamp.
 29933 | Lair:4   | Found a runed translucent door.
 29934 | Lair:4   | Noticed Tunlugh's ghost (adept GrEE)
 30023 | Lair:4   | Offered knowledge of Ozocubu's Refrigeration by Vehumet.
 30265 | Lair:4   | Acquired a book of Fire
 30508 | Lair:3   | Reached XP level 15. HP: 100/100 MP: 9/28
 30717 | Lair:3   | Found a hole to the Spider Nest.
 30723 | Lair:3   | Got an ichor-stained ring mail
 30754 | Lair:4   | Identified the +4 ring mail of Naobarow {+Fly rF+} (You
                  | found it on level 3 of the Lair of Beasts)
 32076 | Orc:1    | Entered Level 1 of the Orcish Mines
 32605 | Orc:1    | Noticed Snorg
 32609 | Orc:1    | Killed Snorg
 32867 | Orc:2    | Entered Level 2 of the Orcish Mines
 32867 | Orc:2    | Found Ifikhlalu's Jewellery Shop.
 32867 | Orc:2    | Found a roughly hewn altar of Beogh.
 33090 | Orc:2    | Found a runed translucent door.
 33090 | Orc:2    | Found a shimmering altar of Xom.
 33090 | Orc:2    | Noticed raetorn's ghost (adept VSBe)
 33495 | Orc:2    | Offered knowledge of Lee's Rapid Deconstruction by Vehumet.
 33813 | Orc:2    | Found a roughly hewn altar of Beogh.
 33881 | Orc:2    | Found a staircase to the Elven Halls.
 33883 | Orc:2    | Found a roughly hewn altar of Beogh.
 33884 | Orc:2    | Noticed an orc warlord
 33890 | Elf:1    | Entered Level 1 of the Elven Halls
 34090 | Elf:1    | Killed an orc warlord
 34714 | Orc:2    | Found a roughly hewn altar of Beogh.
 34747 | Orc:2    | Bought the ring "Livotik" {rElec rPois AC+4 Dex-2} for 750
                  | gold pieces
 34747 | Orc:2    | Bought the ring "Ymei" {rF+ rC+ Str+4 Int+2 Dex-4} for 648
                  | gold pieces
 34869 | Orc:2    | Found a roughly hewn altar of Beogh.
 34891 | Orc:2    | Found a roughly hewn altar of Beogh.
 35074 | Orc:2    | Found Misam's Antique Armour Shop.
 35074 | Orc:2    | Found a roughly hewn altar of Beogh.
 35075 | Orc:2    | Found Fegub's Antique Weapon Boutique.
 35283 | Orc:2    | Found a roughly hewn altar of Beogh.
 35289 | Orc:2    | Found Sehifyid's Antique Weapon Emporium.
 35442 | Elf:1    | Reached skill level 10 in Spellcasting
 36182 | Spider:1 | Entered Level 1 of the Spider Nest
 36185 | Spider:1 | Noticed Frances
 36204 | Lair:3   | Reached skill level 15 in Conjurations
 36337 | Lair:3   | Killed Frances
 36337 | Lair:3   | Offered knowledge of Conjure Ball Lightning by Vehumet.
 37221 | Spider:1 | Reached skill level 5 in Fighting
 37726 | Spider:1 | Reached skill level 1 in Shields
 38218 | Spider:1 | Noticed Louise
 38429 | Spider:1 | Killed Louise
 38875 | Spider:1 | Gained mutation: You regenerate health from kills. [demonic
                  | ancestry]
 38875 | Spider:1 | Reached XP level 16. HP: 102/109 MP: 12/30
 39533 | Spider:1 | Reached ****** piety under Vehumet
 40200 | Spider:2 | You fall into a shaft and drop 1 floor!
 40300 | Spider:3 | Found a frozen archway.
 40309 | IceCv    | Entered an ice cave
 40409 | IceCv    | Upgraded the game from 0.26.0-45-g9c1d065592 to
                  | 0.26.0-90-g5fd8617961
 40889 | IceCv    | Reached skill level 5 in Shields
 40991 | IceCv    | Offered knowledge of Lehudib's Crystal Spear by Vehumet.
 41167 | IceCv    | Noticed an Ice Fiend
 41200 | IceCv    | Killed an Ice Fiend
 43380 | Spider:2 | Reached skill level 10 in Dodging
 43935 | Spider:2 | Offered knowledge of Fire Storm by Vehumet.
 43935 | Spider:2 | Offered knowledge of Tornado by Vehumet.
 43935 | Spider:2 | Offered knowledge of Absolute Zero by Vehumet.
 43936 | Spider:2 | Reached skill level 16 in Fire Magic
 44351 | Spider:4 | Entered Level 4 of the Spider Nest
 45749 | Spider:4 | Learned a level 9 spell: Fire Storm
 46049 | Spider:4 | Reached XP level 17. HP: 40/115 MP: 8/31
 47366 | Swamp:1  | Entered Level 1 of the Swamp
 47382 | Swamp:1  | Reached skill level 17 in Fire Magic
 47786 | Swamp:1  | Got an iridescent hand crossbow
 47787 | Swamp:1  | Identified the +5 hand crossbow "Acuros" {venom, rElec
                  | Str+2} (You found it on level 1 of the Swamp)
 47926 | Swamp:1  | Reached skill level 1 in Evocations
 48697 | Swamp:2  | Noticed Kirke
 48701 | Swamp:2  | Killed Kirke
 48851 | Swamp:2  | Got a bound lead amulet
 48852 | Swamp:2  | Identified the amulet "Ihiaciwn" {Inacc rC+ rN+ Int+4} (You
                  | found it on level 2 of the Swamp)
 49971 | Swamp:3  | Identified the cursed +2 rapier of Qeomet {holy, rPois
                  | Str-4 Dex+2}
 50910 | Swamp:4  | Entered Level 4 of the Swamp
 50919 | Swamp:4  | Noticed Nikola
 50925 | Swamp:4  | Killed Nikola
 50926 | Swamp:4  | Reached skill level 18 in Fire Magic
 51679 | Swamp:4  | Gained mutation: You are robust. (+10% HP) [demonic
                  | ancestry]
 51679 | Swamp:4  | Reached XP level 18. HP: 130/133 MP: 8/34
 52311 | Swamp:4  | Reached skill level 5 in Stealth
 52475 | Swamp:4  | Reached skill level 19 in Fire Magic
 53358 | Swamp:4  | Got a decaying rune of Zot
 53974 | Vaults:1 | Entered Level 1 of the Vaults
 55585 | Vaults:1 | Noticed Asterion
 55585 | Vaults:1 | Noticed Agnes
 55586 | Vaults:1 | Noticed Frederick
 55954 | Vaults:2 | Reached skill level 20 in Fire Magic
 57808 | Vaults:2 | Gained mutation: You have a pair of antennae on your head.
                  | [demonic ancestry]
 57808 | Vaults:2 | Reached XP level 19. HP: 138/138 MP: 24/35
 58012 | Vaults:2 | Found Qikoyf's Weapon Shop.
 58357 | Vaults:2 | Identified Vicke's Almanac of the Oath and Battle Magic
 58389 | Vaults:2 | Found a staircase to the Crypt.
 58389 | Vaults:2 | Found a basalt altar of Yredelemnul.
 58389 | Vaults:2 | Found an ancient bone altar of Kikubaaqudgha.
 60384 | Vaults:3 | Found a roughly hewn altar of Beogh.
 60569 | Vaults:3 | Reached skill level 1 in Translocations
 61739 | Vaults:2 | Learned a level 5 spell: Bolt of Magma
 62098 | Vaults:3 | Found Holucuvu's Weapon Shop.
 62259 | Vaults:3 | Reached skill level 1 in Earth Magic
 63218 | Vaults:1 | Killed Agnes
 63872 | Vaults:3 | Found a huge runed gate.
 63873 | Vaults:3 | Found a huge runed gate.
 63874 | Vaults:3 | Found a huge runed gate.
 63875 | Vaults:3 | Found a huge runed gate.
 63875 | Vaults:3 | Found a huge runed gate.
 63875 | Vaults:3 | Found a huge runed gate.
 63876 | Vaults:3 | Found a huge runed gate.
 63876 | Vaults:3 | Found a huge runed gate.
 63877 | Vaults:3 | Found a huge runed gate.
 63877 | Vaults:3 | Found a huge runed gate.
 63883 | Vaults:3 | Found a huge runed gate.
 63883 | Vaults:3 | Found a huge runed gate.
 63883 | Vaults:3 | Found a huge runed gate.
 63883 | Vaults:3 | Found a huge runed gate.
 63883 | Vaults:3 | Found a huge runed gate.
 63883 | Vaults:3 | Found a huge runed gate.
 63884 | Vaults:3 | Found a huge runed gate.
 63885 | Vaults:3 | Found a huge runed gate.
 63886 | Vaults:3 | Found a huge runed gate.
 63894 | Vaults:3 | Found a huge runed gate.
 63894 | Vaults:3 | Found a huge runed gate.
 63894 | Vaults:3 | Found a huge runed gate.
 63894 | Vaults:3 | Found a huge runed gate.
 63894 | Vaults:3 | Found a huge runed gate.
 63894 | Vaults:3 | Found a huge runed gate.
 63895 | Vaults:3 | Found a huge runed gate.
 63906 | Vaults:3 | Found a huge runed gate.
 63907 | Vaults:3 | Found a huge runed gate.
 63915 | Vaults:3 | Found a huge runed gate.
 63915 | Vaults:3 | Found a huge runed gate.
 63915 | Vaults:3 | Found a huge runed gate.
 63915 | Vaults:3 | Found a huge runed gate.
 63915 | Vaults:3 | Found a huge runed gate.
 63915 | Vaults:3 | Found a huge runed gate.
 63916 | Vaults:3 | Found a huge runed gate.
 63917 | Vaults:3 | Found a huge runed gate.
 64392 | Vaults:4 | Found Qipuozoq's Jewellery Shop.
 64419 | Vaults:4 | Found a ruined gateway.
 64425 | Desolati | Entered the Desolation of Salt
 65500 | Vaults:4 | Reached XP level 20. HP: 146/146 MP: 29/38
 66217 | Vaults:4 | Reached skill level 15 in Spellcasting
 66566 | Vaults:4 | Got a shimmering scale mail
 66567 | Vaults:4 | Identified the +7 scale mail "Bic Kenk" {Harm Dex-3 Stlth+}
                  | (You found it on level 4 of the Vaults)
 67281 | Vaults:4 | Got an ichor-stained ring mail
 67282 | Vaults:4 | Identified the +4 ring mail "Paiqut" {Harm *Drain rCorr
                  | Dex+8} (You found it on level 4 of the Vaults)
 67514 | Vaults:4 | Found Ariowai's Antique Weapon Emporium.
 67963 | Vaults:5 | Entered Level 5 of the Vaults
 67975 | Vaults:5 | Noticed Saint Roka
 68170 | Vaults:5 | Noticed an ancient lich
 68281 | Vaults:4 | Slain by a freezing wraith

Illustrated notes

Levels and vault maps discovered:
D:1:      saegor_arrival_fortress, layout_loops_ring
D:2:      layout_loops_ring, minitemple, chequers_ecumenical_altar_island,
          uniq_crazy_yiuf_cottage
D:3:      layout_basic, portal_sewer_entry_f
D:4:      layout_rooms, minmay_overflow_temple_star_hex, kennysheep_little_box,
          chequers_ossuary_entry_cave, serial_shops,
          nicolae_shop_overgrown_old_shop, amethyst_killhole
D:5:      layout_basic, temple_doors_e
D:6:      layout_rooms, lightli_temple_of_fire, ebering_ghost_inner_flame,
          trog_hazing_becter
D:7:      layout_cave_pools, serial_shops, shop, grunt_ministairs_15,
          minmay_chambers_of_fives
D:8:      layout_rooms, kennysheep_mini
D:9:      layout_gridville, overflow_temple_1_default, erik_lair_island,
          grunt_ministairs_3
D:10:     layout_loops_ring, serial_shops, shop, chequers_arboretum,
          kennysheep_windowed_goal, uniq_harold
D:11:     layout_stronghold, due_unseen_surprise
D:12:     layout_basic, orc_david_3, gammafunk_ghost_berserking_beasts
D:13:     layout_roguey, pf_eden
D:14:     layout_layer_cave, grunt_vaults_entry_fortified, minivault_19,
          minmay_fountain_box
D:15:     hangedman_depths_entry_try_elsewhere_first, layout_grid_maze,
          roderic_lattice_a, minmay_shattered_shrine
Lair:1:   layout_chaotic_city, serial_bayou_crossing
Lair:2:   layout_chaotic_city, minmay_lindwurm_lava, uniq_maggie
Lair:3:   layout_long_grid, nicolae_spider_entry_orb_guardian,
          infiniplex_staircase_pool, serial_bayou_shore_a, serial_bayou_shore_b,
          grunt_megastairs_2, lemuel_fruit_tree
Lair:4:   layout_misc_corridors, skrybe_swamp_entry_bodies,
          ebering_ghost_inner_flame
Lair:5:   layout_cave_pods, chequers_serial_rivers_room_a, serial_bayou_pond_c,
          chequers_serial_rivers_micro_e, beast_lair_carwin_9
Lair:6:   evilmike_catoblepas_cave, layout_gridlike, slime_altar_1,
          chequers_serial_rivers_marsh
Swamp:1:  layout_basic_swamp, nicolae_swamp_rocky_clearing,
          infiniplex_staircase_pool_2
Swamp:2:  layout_falls_marsh, evilmike_swamp_ruin_house_2, swamp_pool1,
          uniq_kirke
Swamp:3:  layout_basic_swamp, hangedman_swamp_ruin_hall
Swamp:4:  swamp_alternative, layout_basic_swamp, swamp_pool1,
          nicolae_swamp_orc_logging_accident, uniq_nikola
Spider:1: spider_temple_joshua, special_room [special_room_bee], drop_trap,
          uniq_frances, uniq_louise
Spider:2: layout_spider_delve, hangedman_spider_tarantella_strand,
          nicolae_spider_cling_ruins
Spider:3: layout_spider_delve, portal_ice_cave_entry_pillars_1
Spider:4: floodkiller_spider_rune_tomb, spiders_nest_spider_trap
Orc:1:    layout_diamond_mine, uniq_snorg
Orc:2:    grunt_orc_community_town_hall, layout_diamond_mine,
          grunt_orc_community_big_house_1, grunt_orc_community_big_house_2,
          grunt_orc_community_house_3, grunt_orc_community_house_3,
          grunt_orc_community_house_2, grunt_orc_community_house_1,
          grunt_orc_community_house_2, grunt_orc_community_house_3,
          ebering_ghost_xom
Elf:1:    layout_gridlike, ebering_ghost_disaster_area, minmay_elf_annihilation,
          minmay_the_grid_2x2 [minmay_the_grid_box_x,
          minmay_the_grid_zigzag_pyramid, minmay_the_grid_slots,
          minmay_the_grid_prize_big_room]
Vaults:1: nicolae_vaults_circle_grid_b, sword_in_stone,
          nicolae_vaults_hallways_thing, v_alt_pattern_1,
          vaults_standard_mumra_enter_the_diamond, grunt_vaults_trifunnel,
          hangedman_vaults_nodes, nicolae_vaults_little_squares_1,
          nicolae_vaults_asterisk, v_alt_pattern_5, vaults_room_semicircle,
          layout_vaults_omnicross
Vaults:2: vaults_mumra_lcd, nicolae_vaults_asterisk, ontoclasm_vaults_twist,
          minmay_crypt_entry_necro_gods, nicolae_vaults_shelves_hall,
          vaults_room_hangedman_quadrants, v_alt_pattern_1,
          layout_vaults_omnigrid, serial_shops, shop, uniq_margery
Vaults:3: grunt_vaults_diagonal, nicolae_vaults_arrows,
          hangedman_vaults_river_flow, nicolae_vaults_network_quincunx
          [nicolae_vaults_network_quincunx_subvault,
          nicolae_vaults_network_quincunx_subvault,
          nicolae_vaults_network_quincunx_subvault,
          nicolae_vaults_network_quincunx_subvault,
          nicolae_vaults_network_quincunx_subvault], special_room_vaults
          [special_room_orc], ontoclasm_vaults_claustrophobia,
          hangedman_vaults_variations, dpeg_vaults_monster_box,
          vaults_not_door_vault_mu, v_misc_11, vaults_dpeg_encased_lava,
          nicolae_vaults_rhombus_6, layout_vaults_omnibox, uniq_frederick
Vaults:4: v_misc_33, vaults_room_mumra_shop_pool, v_misc_16, st_octagons_1,
          dpeg_vaults_monster_row, v_misc_23, v_misc_19,
          nicolae_vaults_three_branches, layout_vaults_chaotic_city,
          serial_shops, shop_fountains, portal_desolation_entry_ruin
Vaults:5: uniq_saint_roka

Skill      XL: |  1  2  3  4  5  6  7  8  9 10 11 12 13 14 15 16 17 18 19 20 |
---------------+-------------------------------------------------------------+-----
Fire Magic     | 3 4 5 8 10 12 13 15 16 18 20 | 20.7
Dodging        | 2 4 5 6 10 | 10.2
Conjurations   | 2 3 5 6 7 9 11 12 13 14 15 16 | 16.1
Fighting       | 1 2 3 4 5 |  5.0
Ice Magic      | 1 4 6 |  6.1
Summonings     | 5 |  5.8
Spellcasting   | 4 7 8 9 10 12 14 15 | 15.5
Air Magic      | 1 |  1.0
Stealth        | 2 4 5 6 |  6.0
Staves         | 2 3 |  3.0
Shields        | 2 5 |  5.0
Evocations     | 1 3 |  3.0
Translocations | 3 |  3.0
Earth Magic    | 3 4 |  4.2
Unarmed Combat | |  0.3

Action                   |  1- 3 |  4- 6 |  7- 9 | 10-12 | 13-15 | 16-18 | 19-21 || total
-------------------------+-------+-------+-------+-------+-------+-------+-------++-------
Melee: Unarmed           |    12 |       |       |       |       |       |       ||    12
       Dagger            |    10 |    68 |    77 |       |       |       |       ||   155
       Staff             |       |       |    31 |   188 |   168 |   147 |   141 ||   675
Throw: Dart              |       |       |       |       |     8 |       |       ||     8
 Cast: Foxfire           |    49 |    71 |   171 |    15 |       |       |       ||   306
       Freeze            |       |     6 |    14 |     7 |    10 |       |       ||    37
       Call Imp          |       |       |    16 |   195 |    60 |    26 |    66 ||   363
       Sticky Flame      |       |       |    16 |   166 |   209 |   133 |    53 ||   577
       Shock             |       |       |    11 |   144 |     4 |       |     9 ||   168
       Frozen Ramparts   |       |       |     3 |     3 |       |       |       ||     6
       Mephitic Cloud    |       |       |       |     1 |     4 |       |     1 ||     6
       Fireball          |       |       |       |       |   317 |   606 |   307 ||  1230
       Starburst         |       |       |       |       |    27 |     6 |    19 ||    52
       Bolt of Magma     |       |       |       |       |       |       |    21 ||    21
       Blink             |       |       |       |       |       |       |     1 ||     1
Evoke: Phantom mirror    |       |       |       |       |     1 |       |       ||     1
       Wand              |       |       |       |       |       |    13 |       ||    13
       Lightning rod     |       |       |       |       |       |     1 |       ||     1
       Condenser vane    |       |       |       |       |       |     1 |       ||     1
  Use: Potion            |     5 |       |       |       |     4 |     6 |     1 ||    16
       Scroll            |     3 |     2 |    10 |    17 |    25 |    12 |     7 ||    76
 Stab: Sleeping          |     2 |     2 |     2 |     3 |       |       |     4 ||    13
       Distracted        |       |     1 |       |     4 |     2 |       |     2 ||     9
       Petrified         |       |       |       |       |     4 |       |       ||     4
Armor: Robe              |     4 |    22 |    55 |   170 |   277 |   254 |    92 ||   874
Dodge: Dodged            |    24 |    60 |   125 |   242 |   386 |   367 |   177 ||  1381
Block: Buckler           |       |       |       |    71 |   188 |   197 |    83 ||   539
